 Dungeon Crawl Stone Soup version 0.28-a0-730-g892d06dc2c (webtiles) character file.

Game seed: 15714946404981640757

132 avis the Ruffian (level 4, -2/36 HPs)
             Began as a Demigod Transmuter on Oct 29, 2021.
             Slain by a river rat (6 damage)
             ... in a sewer.
             The game lasted 00:11:06 (2573 turns).

avis the Ruffian (Demigod Transmuter)               Turns: 2573, Time: 00:11:06

Health: -2/36      AC:  2    Str: 15    XL:     4   Next: 62%
Magic:  7/9        EV: 19    Int: 15    God:
Gold:   65         SH:  0    Dex: 19    Spells: 3/7 levels left

rFire   . . .      SeeInvis .     - Unarmed
rCold   . . .      Faith    .   (shield currently unavailable)
rNeg    . . .      Spirit   .   (armour currently unavailable)
rPois   x          Reflect  .   (helmet currently unavailable)
rElec   .          Harm     .   (cloak currently unavailable)
rCorr   .          Rampage  .   (gloves currently unavailable)
Will    .....                   (boots currently unavailable)
Stlth   ++........              (no amulet)
HPRegen 0.12/turn               (no ring)
MPRegen 0.11/turn               (no ring)

@: spider-form (expiring)
A: venomous fangs, tiny, high mp 1, forlorn
a: End Transformation


You were in a sewer.
You were a venomous arachnid creature.
You visited 1 branch of the dungeon, and saw 3 of its levels.
You also visited: Sewer.

You collected 65 gold pieces.

Inventory:

Missiles
 e - 18 arrows
 f - 25 stones
Armour
 a - a +0 robe (melded)
 j - a +0 ring mail
Potions
 b - a potion of cancellation
 d - a potion of haste {unknown}
 h - a potion of might {unknown}


   Skills:
 - Level 2.0 Fighting
 - Level 2.0 Dodging
 - Level 2.0 Stealth
 * Level 3.2 Unarmed Combat
 - Level 2.0 Spellcasting
 - Level 2.0 Transmutations
 - Level 2.0 Poison Magic


You had 3 spell levels left.
You knew the following spells:

 Your Spells              Type           Power      Damage    Failure   Level
a - Beastly Appendage     Tmut           14%        N/A       24%         1
p - Spider Form           Tmut/Pois      3%         N/A       50%         3

Your spell library contained the following spells:

 Spells                   Type           Power      Damage    Failure   Level
 Wereblood                Tmut           7%         N/A       32%         2
 Animate Skeleton         Necr           2%         N/A       43%         1
 Apportation              Tloc           2%         N/A       43%         1
 Summon Small Mammal      Summ           4%         N/A       43%         1
 Dazzling Flash           Conj/Hex       2%         N/A       75%         3
 Portal Projectile        Hex/Tloc       2%         N/A       75%         3
 Stone Arrow              Conj/Erth      2%         3d7       75%         3
 Ice Form                 Ice/Tmut       4%         N/A       93%         4
 Animate Armour           Summ/Erth      2%         N/A       98%         4
 Blade Hands              Tmut           3%         N/A       99%         5
 Agony                    Necr           1%         N/A       100%        5
 Excruciating Wounds      Necr           0%         N/A       100%        5
 Silence                  Hex/Air        0%         N/A       100%        5
 Lehudib's Crystal Spear  Conj/Erth      0%         10d2      100%        8


Dungeon Overview and Level Annotations

Branches:
Dungeon (3/15)              Sewer (1/1)


Innate Abilities, Weirdness & Mutations

You are a venomous arachnid creature.
You have poisonous fangs.
You are tiny and dextrous.
Your spellcasting is less reliable in this form.
Your armour is entirely melded.
You are incapable of wielding weapons or throwing items.
Your attributes grow dramatically as you level up.
You have an increased reservoir of magic. (+10% MP)
You shall have no god before yourself.


Message History

You enter a sewer!
Your horns disappear.
Your talons disappear.
Found a gate leading back out of this place.
There is an empty arch of ancient stone here.
Casting: Beastly Appendage (safe; 10% risk of failure)
Confirm with . or Enter, or press ? or * to list all spells.
The spell is quite dangerous to cast (28% risk of failure)!
Continue anyway?
You turn into a venomous arachnid creature.
Your +0 robe melds into your body.
The rat misses you.
There is a gate leading back out of this place here.
You bite the rat!
You kill the rat!
You hit the river rat but do no damage.
The river rat is poisoned.
The river rat closely misses you.
You barely miss the river rat. The river rat misses you.
You bite the river rat!
The river rat looks as sick as possible!
The river rat is almost dead.
The river rat barely misses you.
You hit the river rat.
You kill the river rat!
You hit the rat.
The rat is moderately wounded.
You barely miss the rat.
The rat is moderately wounded.
Your transformation is almost over.
The rat bites you.
* * * LOW HITPOINT WARNING * * *
You hit the rat.
You kill the rat!
You hit the river rat but do no damage.
The river rat is poisoned.
The river rat barely misses you.
You hit the river rat.
The river rat is lightly wounded.
The river rat bites you but does no damage.
You barely miss the river rat.
The river rat is lightly wounded.
The river rat bites you.
You die...

#.#
#.#
#.#
#.#
#.#
#.#
#∩#
#r#
#s#
#.#
#.#
#.#
#.#
###


You could see a river rat (very poisoned).

Vanquished Creatures
  A hound (D:3)
  3 adders
  2 river rats
  A worm (D:3)
  A dart slug (D:2)
  5 ball pythons
  4 endoplasms
  6 giant cockroaches
  A goblin (D:1)
  4 hobgoblins
  6 quokkas
  3 bats (D:1)
  4 frilled lizards
  10 rats
51 creatures vanquished.

Notes
Turn   | Place    | Note
-------+----------+-------------------------------------------
     0 | D:1      | avis the Demigod Transmuter began the quest for the Orb.
     0 | D:1      | Reached XP level 1. HP: 15/15 MP: 5/5
    74 | D:1      | Reached skill level 1 in Fighting
   259 | D:1      | Reached skill level 3 in Unarmed Combat
   361 | D:1      | Reached XP level 2. HP: 17/23 MP: 5/7
  1167 | D:2      | Reached skill level 1 in Stealth
  1658 | D:2      | Reached XP level 3. HP: 18/28 MP: 6/8
  1859 | D:2      | Learned a level 3 spell: Spider Form
  2449 | D:3      | Reached skill level 1 in Poison Magic
  2449 | D:3      | Reached XP level 4. HP: 30/36 MP: 9/9
  2555 | D:3      | Found a glowing drain.
  2559 | Sewer    | Entered a sewer
  2573 | Sewer    | Slain by a river rat

Illustrated notes

Levels and vault maps discovered:
D:1:      psy_arrival_basics, layout_loops_ring
D:2:      layout_loops_ring, basic_ecumenical_altar
D:3:      layout_basic, zin_academy, gup_sewer_entry_spiral, minmay_ruptured
Sewer:    sewer_kobolds

Skill      XL: |  1  2  3  4 |
---------------+-------------+-----
Fighting       | 1 2 |  2.0
Unarmed Combat | 3 |  3.2
Transmutations | 2 |  2.0
Spellcasting   | 2 |  2.0
Dodging        | 2 |  2.0
Stealth        | 2 |  2.0
Poison Magic   | 1 2 |  2.0

Action                   |  1- 3 |  4- 6 || total
-------------------------+-------+-------++-------
Melee: Unarmed           |   112 |    39 ||   151
       Kick              |    29 |     8 ||    37
       Headbutt          |    14 |     6 ||    20
       Punch             |     1 |       ||     1
 Cast: Beastly Appendage |    33 |     5 ||    38
       Spider Form       |     1 |     2 ||     3
  Use: Scroll            |     4 |       ||     4
 Stab: Sleeping          |     7 |       ||     7
Armor: Robe              |    15 |     1 ||    16
       Skin              |       |     1 ||     1
Dodge: Dodged            |    57 |    19 ||    76

Table legend: (Time is in decaauts)
 A = Elapsed time spent in this place.
 B = Non-inter-level travel time spent in this place.
 C = Inter-level travel time spent in this place.
 D = Time resting spent in this place.
 E = Time spent auto-exploring this place.
 F = Levels seen in this place.
 G = Mean time per level.
                   A        B        C        D        E       F      G
               +--------+--------+--------+--------+--------+-----+--------+
         Total |   2590 |   2457 |    133 |    867 |   1010 |   4 |  647.5 |
       Dungeon |   2576 |   2443 |    133 |    867 |   1010 |   3 |  858.7 |
         Sewer |     13 |     13 |      0 |      0 |      0 |   1 |   13.0 |
               +--------+--------+--------+--------+--------+-----+--------+

Top non-repeatable levels by time:
     D:1: 1239 daAuts
     D:2: 1157 daAuts
     D:3: 180 daAuts
   Sewer: 13 daAuts
